 Dungeon Crawl Stone Soup version 0.21.1-1-g345015f (webtiles) character file.

226 Leszczynek the Ruffian (level 6, 39/39 HPs)
             Began as an Octopode Wanderer on June 24, 2018.
             Was an Initiate of Gozag.
             Quit the game on level 3 of the Dungeon.
             The game lasted 00:16:32 (2537 turns).

Leszczynek the Ruffian (Octopode Wanderer)          Turns: 2537, Time: 00:16:34

Health: 39/39      AC:  1    Str: 15    XL:     6   Next: 1%
Magic:  9/9        EV: 13    Int: 14    God:    Gozag
Gold:   453        SH:  0    Dex: 10    Spells: 9/9 levels left

rFire    . . .     SeeInvis .   a - +2 mace
rCold    . . .     Gourm    .   (no shield)
rNeg     . . .     Faith    .   (helmet restricted)
rPois    .         Spirit   .   (no amulet)
rElec    .         Reflect  .   (no ring)
rCorr    .         Harm     .   (no ring)
MR       .....                  (no ring)
Stlth    ++........             (no ring)
HPRegen  0.13/turn              (no ring)
MPRegen  0.11/turn              (no ring)
                                (no ring)
                                (no ring)

@: no status effects
A: almost no armour, stealthy swim, amphibious, 8 rings, constrict 8, camouflage
1, gelatinous body 1
a: Potion Petition, Call Merchant, Bribe Branch, Renounce Religion


You were on level 3 of the Dungeon.
You worshipped Gozag.
Gozag was aware of your devotion.
You were not hungry.

You visited 1 branch of the dungeon, and saw 4 of its levels.

You collected 493 gold pieces.
You paid 40 gold pieces to Gozag.

Inventory:

Hand Weapons
 a - a +2 mace (weapon)
 b - a +0 shortbow
 l - a +2 mace of draining
 m - a +0 blowgun
 u - a +0 hand crossbow
Missiles
 c - 33 arrows
Wands
 f - a wand of random effects (15)
Scrolls
 e - 4 scrolls of teleportation
 g - a scroll of enchant armour
 h - a scroll of noise {unknown}
 i - 3 scrolls of remove curse {@r2}
 j - 2 scrolls of enchant weapon {unknown}
 k - 2 scrolls of amnesia {unknown}
 n - 2 scrolls of blinking {unknown}
 s - a scroll of magic mapping {unknown}
 t - a scroll of fog {unknown}
Potions
 o - a potion of curing {@q1}
 p - a potion of resistance
 q - a potion of might {unknown}
 r - a potion of flight {unknown}
Comestibles
 d - 6 rations


   Skills:
 - Level 2.0 Fighting
 - Level 1.0 Maces & Flails
 - Level 1.0 Throwing
 + Level 1.2 Dodging
 + Level 5.3 Unarmed Combat
 - Level 2.0 Spellcasting
   Level 1.0 Summonings
   Level 2.4 Poison Magic
 - Level 1.1 Evocations


You had 9 spell levels left.
You didn't know any spells.

Dungeon Overview and Level Annotations

Branches:
Dungeon (4/15)
 Temple: D:4-7

Altars:
Dithmenos
Gozag
Ru
Trog

Annotations:
D:3 Hebeh's ghost, amateur MiFi
D:4 Natasha; snakesoul's ghost, amateur DsFi


Innate Abilities, Weirdness & Mutations

You cannot wear most types of armour.
You are very stealthy in the water. (Stealth+)
You are amphibious.
You can wear up to eight rings at the same time.
You can use your tentacles to constrict eight enemies at once.
Your skin changes colour to match your surroundings (Stealth+).
Your rubbery body absorbs attacks. (AC +1, EV +1)


Message History

The magic dart hits you!
* * * LOW HITPOINT WARNING * * *
There is a stone staircase leading up here.
You climb upwards.
Level annotation: Hebeh's ghost, amateur MiFi
There is a stone staircase leading down here.
There is an open door here.
There is an open door here.
There is an open door here.
There is a shadowy altar of Dithmenos here.
There is an open door here.
There is an open door here.
You see here a club.
Unknown command.
There is an open door here.
You see here a club.
There is an open door here.
You start resting.
HP restored.
Are you sure you want to abandon this character and quit the game? (Confirm with "yes".)

###### #....# ### #.##.#
..###'##+#########
#.........#......#
..........#......#
..........#......# ###
..###'##+##......##############..
..# #.##.##.....@'............#..
#.# #.##.##..._..############.#..
#.# #.##'##......# #.#.. ###
#.#...#......# ######)#.. #
#.#...#'###### #......... #
#..........# #......... #
######.......# #.........
###....##......# #.........
#)......##.....+ .'.........


There were no monsters in sight!

Vanquished Creatures
  A hound (D:4)
  Jessica (D:3)
  A worker ant (D:4)
  A howler monkey skeleton (D:4)
  4 adders
  2 worms
  4 dart slugs
  5 leopard geckos
  7 orcs
  3 ball pythons
  2 giant cockroaches
  7 goblins
  6 hobgoblins
  5 jackals
  5 kobolds
  A quokka (D:3)
  13 bats
  5 frilled lizards
  5 rats
78 creatures vanquished.

Notes
Turn   | Place    | Note
-------+----------+-------------------------------------------
     0 | D:1      | Leszczynek the Octopode Wanderer began the quest for the Orb.
     0 | D:1      | Leszczynek set off with: a +2 mace, a +0 shortbow, 24 arrows, a ration, a wand of random effects (15)
     0 | D:1      | Reached XP level 1. HP: 14/14 MP: 3/3
    21 | D:1      | Reached skill level 1 in Unarmed Combat
    59 | D:1      | Reached XP level 2. HP: 18/19 MP: 5/5
   115 | D:1      | Reached skill level 2 in Unarmed Combat
   193 | D:1      | Reached XP level 3. HP: 22/24 MP: 6/6
   273 | D:3      | Noticed Hebeh's ghost (amateur MiFi)
   353 | D:2      | Found a sacrificial altar of Ru.
   409 | D:3      | Noticed Jessica
   413 | D:3      | Killed Jessica
   413 | D:3      | Reached skill level 3 in Unarmed Combat
   413 | D:3      | Reached XP level 4. HP: 16/29 MP: 7/7
   498 | D:2      | Found an opulent altar of Gozag.
   503 | D:2      | Became a worshipper of Gozag Ym Sagoz the Greedy
   914 | D:3      | Reached skill level 4 in Unarmed Combat
  1011 | D:3      | Ouch! That really hurt!
  1011 | D:3      | HP: 3/29 [Hebeh's ghost (18)]
  1163 | D:3      | Reached XP level 5. HP: 16/34 MP: 8/8
  1179 | D:3      | Found a shadowy altar of Dithmenos.
  1291 | D:4      | Reached skill level 5 in Unarmed Combat
  1488 | D:3      | Noticed a moth of wrath
  1491 | D:3      | Found a bloodstained altar of Trog.
  1565 | D:4      | Noticed snakesoul's ghost (amateur DsFi)
  1566 | D:4      | holy shit i am SO GLAD these fuckers will finally get confined in vaults
  2103 | D:4      | Reached skill level 1 in Dodging
  2155 | D:4      | Reached XP level 6. HP: 39/39 MP: 9/9
  2185 | D:4      | Noticed Natasha
  2210 | D:4      | HP: 3/39 [snakesoul's ghost (9)]
  2270 | D:4      | HP: 4/39 [Natasha/magic dart (7)]
  2537 | D:3      | Quit the game

Skill      XL: |  1  2  3  4  5 |
---------------+----------------+-----
Unarmed Combat | 1 2 3 4 5 |  5.3
Dodging        | 1 |  1.2
Fighting       | |  2.0
Maces & Flails | |  1.0
Throwing       | |  1.0
Spellcasting   | |  2.0
Summonings     | |  1.0
Poison Magic   | |  2.4
Evocations     | |  1.1

Action                   |  1- 3 |  4- 6 || total
-------------------------+-------+-------++-------
Melee: Mace              |    34 |    94 ||   128
       Constrict         |     9 |    26 ||    35
       Tentacles         |     5 |     9 ||    14
       Punch             |       |     3 ||     3
       Unarmed           |       |    11 ||    11
 Fire: Shortbow          |    10 |    15 ||    25
Invok: Potion Petition   |       |     1 ||     1
  Use: Potion            |       |     3 ||     3
       Scroll            |       |     5 ||     5
 Stab: Sleeping          |     1 |     1 ||     2
  Eat: Ration            |       |     2 ||     2
Armor: Skin              |     5 |    16 ||    21
Dodge: Dodged            |    22 |    99 ||   121
